NYP
BATAVIA MUCKDOGS @ LOS ANGELES (NYP) DODGERS
08/24/2047
 
TOP OF THE 1ST
Batavia Muckdogs batting - Pitching for Los Angeles (NYP) Dodgers : RHP Josh Weiser
Pitching: RHP Josh Weiser
Batting: RHB Harrie de Kam 0-0: Ball
1-0: Ball
2-0: Called Strike
2-1: Called Strike
2-2: Foul Ball, location: 2F
2-2: Ball
3-2: SINGLE (Line Drive, 3D, EV 106.9 MPH)
Batting: SHB Justin Corbett 0-0: Ball
1-0: Foul Ball, location: 2F
1-1: Called Strike
Harrie de Kam steals 2nd base (no throw)
1-2: Ball
2-2: Ground out 6-3 (Groundball, 6, EV 82.5 MPH)
Harrie de Kam to third
Batting: LHB Matt McKeon 0-0: Ball
1-0: Ball
2-0: Called Strike
2-1: Fly out, F5 (Popup, 25, EV 86.2 MPH)
Batting: LHB Angelo Estrella 0-0: Called Strike
0-1: Ball
1-1: Ball
2-1: Foul Ball, location: 2F
2-2: Foul Ball, location: 2F
2-2: Ball
3-2: Foul Ball, location: 2F
3-2: Foul Ball, location: 2F
3-2: Strikes out swinging
Top of the 1st over - 0 runs, 1 hit, 0 errors, 1 left on base; Batavia 0 - Los Angeles (NYP) 0
BOTTOM OF THE 1ST
Los Angeles (NYP) Dodgers batting - Pitching for Batavia Muckdogs : LHP Dan Tapley
Pitching: LHP Dan Tapley
Batting: RHB Theo Schepers 0-0: Ball
1-0: Swinging Strike
1-1: Foul Ball, location: 2F
1-2: Foul Ball, location: 2F
1-2: Ball
2-2: Foul Ball, location: 2F
2-2: Strikes out swinging
Batting: RHB Ruben Serrata 0-0: SINGLE (Groundball, 6S, EV 68.8 MPH) (infield hit)
Batting: SHB Guy Jerome 0-0: Ball
1-0: Ball
2-0: SINGLE (Line Drive, 8LS, EV 108.1 MPH)
Ruben Serrata to second
Batting: RHB Javier Solis 0-0: Called Strike
Ruben Serrata steals 3rd, throwing error, E2
Ruben Serrata scores
Guy Jerome to third
0-1: Ball
1-1: Foul Ball, location: 2F
1-2: Ball
2-2: Strikes out looking
Batting: LHB Chris Buchan 0-0: Ball
1-0: Fly out, F9 (Flyball, 9S, EV 90.0 MPH)
Bottom of the 1st over - 1 run, 2 hits, 1 error, 1 left on base; Batavia 0 - Los Angeles (NYP) 1
TOP OF THE 2ND
Batavia Muckdogs batting - Pitching for Los Angeles (NYP) Dodgers : RHP Josh Weiser
Batting: RHB Justin Dunham 0-0: Called Strike
0-1: Ball
1-1: Called Strike
1-2: Ground out U3 (Groundball, 13, EV 86.9 MPH)
Batting: RHB Hiromitsu Yamada 0-0: Ball
1-0: Called Strike
1-1: Ball
2-1: Foul Ball, location: 2F
2-2: Foul Ball, location: 2F
2-2: Strikes out swinging
Batting: RHB Eric Jordan 0-0: Called Strike
0-1: Called Strike
0-2: Ball
1-2: Foul Ball, location: 2F
1-2: Strikes out looking
Top of the 2nd over - 0 runs, 0 hits, 0 errors, 0 left on base; Batavia 0 - Los Angeles (NYP) 1
BOTTOM OF THE 2ND
Los Angeles (NYP) Dodgers batting - Pitching for Batavia Muckdogs : LHP Dan Tapley
Batting: RHB Robby Cuellar 0-0: Ball
1-0: Ground out 6-3 (Groundball, 6M, EV 92.5 MPH)
Batting: LHB Fernão Manta 0-0: Foul Ball, location: 2F
0-1: Ball
1-1: SINGLE (Groundball, 34D, EV 100.0 MPH)
Batting: RHB Juan Gallegos 0-0: Ball
1-0: Swinging Strike
1-1: Ball
2-1: Foul Ball, location: 2F
2-2: Foul Ball, location: 2F
2-2: Strikes out swinging
Batting: RHB Alex Mejia 0-0: Ball
1-0: Foul Ball, location: 2F
1-1: Swinging Strike
1-2: Strikes out swinging
Bottom of the 2nd over - 0 runs, 1 hit, 0 errors, 1 left on base; Batavia 0 - Los Angeles (NYP) 1
TOP OF THE 3RD
Batavia Muckdogs batting - Pitching for Los Angeles (NYP) Dodgers : RHP Josh Weiser
Batting: RHB Jeremy Dennis 0-0: Ball
1-0: Foul Ball, location: 2F
1-1: Fly out, F8 (Flyball, 8LD, EV 97.5 MPH)
Batting: RHB Rafael Irizarry 0-0: Called Strike
0-1: Ball
1-1: Ball
2-1: Swinging Strike
2-2: Foul Ball, location: 2F
2-2: Strikes out swinging
Batting: RHB Harrie de Kam 0-0: Foul Ball, location: 2F
0-1: Foul Ball, location: 2F
0-2: Ball
1-2: Strikes out swinging
Top of the 3rd over - 0 runs, 0 hits, 0 errors, 0 left on base; Batavia 0 - Los Angeles (NYP) 1
BOTTOM OF THE 3RD
Los Angeles (NYP) Dodgers batting - Pitching for Batavia Muckdogs : LHP Dan Tapley
Batting: RHB Theo Schepers 0-0: Called Strike
0-1: Called Strike
0-2: Strikes out swinging
Batting: RHB Ruben Serrata 0-0: Called Strike
0-1: Swinging Strike
0-2: Ball
1-2: Strikes out looking
Batting: SHB Guy Jerome 0-0: Ball
1-0: Ground out 4-3 (Groundball, 34, EV 108.1 MPH)
Bottom of the 3rd over - 0 runs, 0 hits, 0 errors, 0 left on base; Batavia 0 - Los Angeles (NYP) 1
TOP OF THE 4TH
Batavia Muckdogs batting - Pitching for Los Angeles (NYP) Dodgers : RHP Josh Weiser
Batting: SHB Justin Corbett 0-0: Ground out 4-3 (Groundball, 4, EV 87.5 MPH)
Batting: LHB Matt McKeon 0-0: Ball
1-0: Ball
2-0: Swinging Strike
2-1: Ball
3-1: Called Strike
3-2: Strikes out swinging
Batting: LHB Angelo Estrella 0-0: Ball
1-0: Fly out, F8 (Line Drive, 89M, EV 100.0 MPH)
Top of the 4th over - 0 runs, 0 hits, 0 errors, 0 left on base; Batavia 0 - Los Angeles (NYP) 1
BOTTOM OF THE 4TH
Los Angeles (NYP) Dodgers batting - Pitching for Batavia Muckdogs : LHP Dan Tapley
Batting: RHB Javier Solis 0-0: Ball
1-0: Foul Ball, location: 2F
1-1: Swinging Strike
1-2: Foul Ball, location: 2F
1-2: Ground out 6-3 (Groundball, 6, EV 83.8 MPH)
Batting: LHB Chris Buchan 0-0: Ball
1-0: Called Strike
1-1: Ball
2-1: Fly out, F9 (Line Drive, 9, EV 88.1 MPH)
Batting: RHB Robby Cuellar 0-0: Foul Ball, location: 2F
0-1: Ball
1-1: Swinging Strike
1-2: Fly out, F8 (Flyball, 8RM, EV 90.6 MPH)
Bottom of the 4th over - 0 runs, 0 hits, 0 errors, 0 left on base; Batavia 0 - Los Angeles (NYP) 1
TOP OF THE 5TH
Batavia Muckdogs batting - Pitching for Los Angeles (NYP) Dodgers : RHP Josh Weiser
Batting: RHB Justin Dunham 0-0: Called Strike
0-1: Ball
1-1: Ball
2-1: Called Strike
2-2: Foul Ball, location: 2F
2-2: Ball
3-2: Strikes out swinging
Batting: RHB Hiromitsu Yamada 0-0: Swinging Strike
0-1: Foul Ball, location: 2F
0-2: Foul Ball, location: 2F
0-2: Foul Ball, location: 2F
0-2: Strikes out looking
Batting: RHB Eric Jordan 0-0: Ball
1-0: Foul Ball, location: 2F
1-1: Called Strike
1-2: Ball
2-2: Foul Ball, location: 2F
2-2: Foul Ball, location: 2F
2-2: Strikes out swinging
Top of the 5th over - 0 runs, 0 hits, 0 errors, 0 left on base; Batavia 0 - Los Angeles (NYP) 1
BOTTOM OF THE 5TH
Los Angeles (NYP) Dodgers batting - Pitching for Batavia Muckdogs : LHP Dan Tapley
Batting: LHB Fernão Manta 0-0: Called Strike
0-1: Ball
1-1: Ball
2-1: Foul Ball, location: 2F
2-2: Strikes out swinging
Batting: RHB Juan Gallegos 0-0: Ball
1-0: Ground out 6-3 (Groundball, 6MS, EV 69.4 MPH)
Batting: RHB Alex Mejia 0-0: Ground out 5-3 (Groundball, 5L, EV 88.8 MPH)
Bottom of the 5th over - 0 runs, 0 hits, 0 errors, 0 left on base; Batavia 0 - Los Angeles (NYP) 1
TOP OF THE 6TH
Batavia Muckdogs batting - Pitching for Los Angeles (NYP) Dodgers : RHP Josh Weiser
Batting: RHB Jeremy Dennis 0-0: DOUBLE (Flyball, 7LD, EV 109.4 MPH)
Batting: RHB Rafael Irizarry 0-0: Swinging Strike
0-1: Ball
1-1: Foul Ball, location: 2F
1-2: Ball
2-2: Strikes out looking
Batting: RHB Harrie de Kam 0-0: Called Strike
Jeremy Dennis is caught stealing 3rd base 2-5
0-1: Ball
1-1: Called Strike
1-2: SINGLE (Groundball, 34, EV 107.5 MPH) (infield hit)
Batting: SHB Justin Corbett 0-0: Ball
Harrie de Kam steals 2nd base
1-0: Swinging Strike
1-1: Ball
2-1: Foul Ball, location: 2F
2-2: TRIPLE (Flyball, 78XD, EV 105.0 MPH)
Harrie de Kam scores
Pitching: LHP Kai Klindt
Batting: LHB Matt McKeon 0-0: SINGLE (Line Drive, 89S, EV 101.2 MPH)
Justin Corbett scores
Batting: LHB Angelo Estrella Pickoff Throw to First - Out! 1-3 CS
Top of the 6th over - 2 runs, 4 hits, 0 errors, 0 left on base; Batavia 2 - Los Angeles (NYP) 1
BOTTOM OF THE 6TH
Los Angeles (NYP) Dodgers batting - Pitching for Batavia Muckdogs : LHP Dan Tapley
Batting: RHB Theo Schepers 0-0: Ball
1-0: Called Strike
1-1: Ball
2-1: Bunt for hit to 3S - play at first, batter OUT! 3-4
Batting: RHB Ruben Serrata 0-0: Ball
1-0: Called Strike
1-1: Foul Ball, location: 2F
1-2: Strikes out swinging
Batting: SHB Guy Jerome 0-0: Fly out, F7 (Line Drive, 7, EV 100.0 MPH)
Bottom of the 6th over - 0 runs, 0 hits, 0 errors, 0 left on base; Batavia 2 - Los Angeles (NYP) 1
TOP OF THE 7TH
Batavia Muckdogs batting - Pitching for Los Angeles (NYP) Dodgers : LHP Kai Klindt
Batting: LHB Angelo Estrella 0-0: Fly out, F6 (Popup, 5D, EV 43.1 MPH)
Batting: RHB Justin Dunham 0-0: Ball
1-0: Called Strike
1-1: Foul Ball, location: 2F
1-2: Strikes out swinging
Batting: RHB Hiromitsu Yamada 0-0: Ground out 5-3 (Groundball, 56, EV 103.8 MPH)
Top of the 7th over - 0 runs, 0 hits, 0 errors, 0 left on base; Batavia 2 - Los Angeles (NYP) 1
BOTTOM OF THE 7TH
Los Angeles (NYP) Dodgers batting - Pitching for Batavia Muckdogs : LHP Dan Tapley
Batting: RHB Javier Solis 0-0: Ball
1-0: Ball
2-0: Ground out 6-3 (Groundball, 56, EV 92.5 MPH)
Batting: LHB Chris Buchan 0-0: Ball
1-0: Swinging Strike
1-1: Ground out 5-3 (Groundball, 6S, EV 67.5 MPH)
Batting: RHB Robby Cuellar 0-0: Ball
1-0: Ball
2-0: Ball
3-0: Base on Balls
Pinch Hitting: RHB Manny Mendoza 0-0: Fly out, F7 (Flyball, 78S, EV 72.5 MPH)
Bottom of the 7th over - 0 runs, 0 hits, 0 errors, 1 left on base; Batavia 2 - Los Angeles (NYP) 1
TOP OF THE 8TH
Batavia Muckdogs batting - Pitching for Los Angeles (NYP) Dodgers : LHP Kai Klindt
Now at 3B: Bobby Gambrell
Batting: RHB Eric Jordan 0-0: Swinging Strike
0-1: Swinging Strike
0-2: Strikes out swinging
Batting: RHB Jeremy Dennis 0-0: Ball
1-0: Foul Ball, location: 2F
1-1: Ground out 6-3 (Groundball, 6, EV 76.2 MPH)
Batting: RHB Rafael Irizarry 0-0: SINGLE (Groundball, 56S, EV 68.1 MPH) (infield hit)
Batting: RHB Harrie de Kam 0-0: Ball
Rafael Irizarry steals 2nd base (no throw)
1-0: Ball
2-0: Called Strike
2-1: Ball
3-1: Ground out U3 (Groundball, 34, EV 88.1 MPH)
Top of the 8th over - 0 runs, 1 hit, 0 errors, 1 left on base; Batavia 2 - Los Angeles (NYP) 1
BOTTOM OF THE 8TH
Los Angeles (NYP) Dodgers batting - Pitching for Batavia Muckdogs : LHP Dan Tapley
Batting: RHB Juan Gallegos 0-0: Called Strike
0-1: Foul Ball, location: 2F
0-2: Ball
1-2: Ground out 4-3 (Groundball, 4, EV 83.8 MPH)
Batting: RHB Alex Mejia 0-0: Ball
1-0: Reached on error, E5 (Groundball, 5, EV 85.6 MPH)
Batting: RHB Theo Schepers 0-0: Ball
1-0: Called Strike
1-1: Ball
2-1: Foul Ball, location: 2F
2-2: Fielders Choice at 2nd, 4-6 (Groundball, 4, EV 79.4 MPH)
Batting: RHB Ruben Serrata 0-0: Ball
1-0: Fly out, F8 (Flyball, 8RD, EV 108.1 MPH)
Bottom of the 8th over - 0 runs, 0 hits, 1 error, 1 left on base; Batavia 2 - Los Angeles (NYP) 1
TOP OF THE 9TH
Batavia Muckdogs batting - Pitching for Los Angeles (NYP) Dodgers : LHP Kai Klindt
Pitching: LHP Micah Watson
Batting: SHB Justin Corbett 0-0: Ground out 2-3 (Groundball, 15S, EV 69.4 MPH)
Batting: LHB Matt McKeon 0-0: Called Strike
0-1: Ball
1-1: Swinging Strike
1-2: Strikes out looking
Batting: LHB Angelo Estrella 0-0: Ball
1-0: Ball
2-0: Swinging Strike
2-1: Called Strike
2-2: Strikes out looking
Top of the 9th over - 0 runs, 0 hits, 0 errors, 0 left on base; Batavia 2 - Los Angeles (NYP) 1
BOTTOM OF THE 9TH
Los Angeles (NYP) Dodgers batting - Pitching for Batavia Muckdogs : LHP Dan Tapley
Batting: SHB Guy Jerome 0-0: Called Strike
0-1: Swinging Strike
0-2: Foul Ball, location: 2F
0-2: Strikes out swinging
Batting: RHB Javier Solis 0-0: Called Strike
0-1: Swinging Strike
0-2: Ball
1-2: Ball
2-2: Ground out 6-3 (Groundball, 6, EV 100.0 MPH)
Pitching: RHP Tim Sherrill
Batting: LHB Chris Buchan 0-0: Ball
1-0: SINGLE (Line Drive, 4MD, EV 103.8 MPH)
Batting: LHB Cliff Thomas 0-0: Ball
1-0: Called Strike
1-1: Swinging Strike
1-2: Strikes out swinging
Bottom of the 9th over - 0 runs, 1 hit, 0 errors, 1 left on base; Batavia 2 - Los Angeles (NYP) 1
Thursday, December 15th , 2022 - OOTP Baseball 23.9 Build 102